Map: Pylon LE

Players

ManlyManMeat - Winner!

  • Race: Zerg Zerg
  • League: Platinum
  • Spawn Location: 11:00

DevSpirit

  • Race: Protoss Protoss
  • League: Master
  • Spawn Location: 5:00

VOD

Have the link to the VOD?

Description

Time

  • Played on: June 20, 2025, 4:26 p.m.
  • Length: 5:11
Show
View Real Time Build Order
Export as new Build Order

ManlyManMeat Zerg - Winner!

Build Orders: Hatch First 

Get SALT Encoding   

  12  0:00  Drone  
  13  0:08  Drone  
  14  0:14  Extractor  
  14  0:16  Drone  
  15  0:22  Overlord  
  15  0:42  Drone  
  16  0:49  Hatchery  
  15  0:50  Drone  
  15  0:56  Drone  
  17  0:57  Drone  
  18  1:10  Extractor  
  17  1:13  Spawning Pool  
  17  1:16  Drone  
  17  1:22  Drone  
  18  1:27  Drone  
  19  1:37  Overlord  
  19  1:52  Drone  
  20  2:02  Queen x2  
  23  2:12  Metabolic Boost  
  23  2:14  Spine Crawler  
  22  2:18  Zergling x2  
  22  2:20  Zergling x2  
  24  2:28  Spine Crawler  
  23  2:30  Zergling x2  
  23  2:33  Zergling x2  
  23  2:36  Zergling x2  
  26  2:46  Drone  
  26  2:47  Drone x2  
  29  2:54  Zergling x6  
  32  3:07  Drone  
  32  3:08  Drone  
  35  3:12  Drone  
  35  3:13  Drone  
  35  3:14  Overlord  
  36  3:36  Drone x2  
  36  3:37  Drone x3  
  41  3:44  Overlord  
  41  3:47  Overlord  
  41  3:48  Drone x3  
  44  4:22  Zergling x16  
  52  4:28  Baneling Nest  
  50  4:40  Zergling x4  
  52  4:50  Zergling x4  
Show
View Real Time Build Order
Export as new Build Order

DevSpirit Protoss 

Build Orders:  

Get SALT Encoding   

  12  0:01  Probe  
  13  0:13  Pylon  
  13  0:21  Probe  
  14  0:29  Probe  
  14  0:32  Gateway  
  15  0:39  Probe  
  16  0:46  Assimilator  
  16  0:51  Probe  
  17  1:01  Probe  
  18  1:07  Pylon  
  18  1:09  Probe  
  18  1:14  Gateway  
  19  1:27  Cybernetics Core  
  19  1:31  Zealot  
  21  1:38  Pylon  
  21  1:52  Gateway  
  21  2:09  Warp Gate  
  21  2:20  Zealot x2  
  25  2:26  Probe  
  26  2:31  Twilight Council  
  26  2:38  Probe  
  26  2:41  Pylon  
  27  2:49  Zealot  
  27  2:50  Zealot  
  31  3:01  Charge  
  31  3:11  Forge  
  31  3:14  Zealot  
  33  3:22  Stalker  
  35  3:29  Zealot  
  37  3:49  Photon Cannon  
  37  4:02  Nexus  
  37  4:34  Zealot  
  37  4:35  Zealot x2  
Tags
 
Matchup
PvZ
Replay Pack
Myownreplay2
Spawn Locations
Cross Positions
Add a new tag
Caveats
  • Supply blocks, unpowered buildings, or Contaminate may cause inaccurate times.
  • Supply counts are checked every 10 seconds.